 Dungeon Crawl Stone Soup version 0.31-a0-233-g139696dc86 (webtiles) character file.

Game seed: 1894749442562214891

9320 Gargoyl the Cleaver (level 11, -21/103 HPs)
             Began as a Gargoyle Berserker on July 9, 2023.
             Was an Elder of Trog.
             Demolished by Erolcha
             ... wielding a +0 giant spiked club
              (28 damage)
             ... on level 10 of the Dungeon.
             The game lasted 00:12:19 (8337 turns).

Gargoyl the Cleaver (Gargoyle Berserker)            Turns: 8337, Time: 00:12:20

Health: -21/103    AC: 23    Str: 22    XL:     11   Next: 44%
Magic:  11/11      EV: 13    Int:  7    God:    Trog [****..]
Gold:   567        SH:  5    Dex: 19    Spells: 10/10 levels left

rFire   + . .        x - +4 battleaxe of Internal Strife {speed, rElec rCorr}
rCold   . . .        (shield currently unavailable)
rNeg    + + .        z - +2 scale mail {rN+}
rPois   ∞            (no helmet)
rElec   +            r - +0 cloak
rCorr   +            h - +2 pair of gloves
SInv    .            (no boots)
Will    .....        j - amulet of reflection Stlth
                     p - +6 ring of dexterity
HPRegen 0.37/turn    u - ring of protection from fire
MPRegen 0.12/turn

%: reflection
@: berserking, very quick
A: sickness immunity, AC +8, negative energy resistance 1, electricity
resistance, torment resistance 1, petrification resistance
a: Renounce Religion, Berserk, Trog's Hand, Brothers in Arms


You were on level 10 of the Dungeon.
You worshipped Trog.
Trog was greatly pleased with you.
You visited 1 branch of the dungeon, and saw 10 of its levels.
You also visited: Ossuary.

You collected 567 gold pieces.

Inventory:

Hand Weapons
 a - a +1 hand axe
 g - a +1 hand axe of electrocution
 l - a +2 heavy dire flail
 x - the +4 battleaxe of Internal Strife (weapon) {speed, rElec rCorr}
   (You found it on level 10 of the Dungeon)

   rElec:     It insulates you from electricity.
   rCorr:     It protects you from acid and corrosion.
Missiles
 v - 32 poisoned darts (quivered)
 B - 2 throwing nets
Armour
 h - a +2 pair of gloves (worn)
 r - a +0 cloak (worn)
 z - a +2 scale mail of positive energy (worn)
Jewellery
 j - an amulet of reflection (around neck)
 p - a +6 ring of dexterity (left hand)
 u - a ring of protection from fire (right hand)
Wands
 s - a wand of paralysis (11)
Scrolls
 i - 3 scrolls of poison
 m - 3 scrolls of revelation
 n - a scroll of acquirement {unknown}
 w - a scroll of noise {unknown}
 y - a scroll of identify
 C - a scroll of enchant armour
Potions
 b - 3 potions of heal wounds
 c - a potion of might
 d - 2 potions of cancellation
 e - 5 potions of curing
 f - 2 potions of invisibility
 k - 3 potions of haste
 o - 4 potions of lignification
 q - a potion of resistance
 t - a potion of berserk rage


   Skills:
 + Level 8.9 Fighting
 + Level 11.1 Axes
 + Level 0.3 Throwing
 + Level 8.9 Armour
 + Level 5.1 Dodging
 + Level 2.7 Stealth
 + Level 4.0 Shields


You had 10 spell levels left.
You didn't know any spells.
Your spell library was empty.

Dungeon Overview and Level Annotations

Branches:
Dungeon (10/15)            Temple (0/1) D:5             Orc (0/2) D:9
Ossuary (visited)
   Lair: D:8-11

Altars:
Elyvilon
Fedhas
Gozag
Makhleb
Nemelex Xobeh
Okawaru
Ru
Sif Muna
Trog
Uskayaw
Vehumet
Wu Jian

Shops:
D:7 *

Annotations:
D:10 Erolcha


Innate Abilities, Weirdness & Mutations

You are immune to sickness and miasma.
Your stone body is resilient. (AC +8)
You are immune to poison.
You resist negative energy. (rN+)
You are resistant to electric shocks. (rElec)
You are resistant to unholy torment.
You are immune to petrification.


Message History

Unknown command.
There is a stone staircase leading up here.
Things that are here:
a +0 club; a stone; a kobold corpse
Things that are here:
a +0 dagger; a +0 dagger; a kobold corpse
v - 32 poisoned darts (gained 3)
Items here: ( ))))) †††.
There is a shaft here.
Found a stone staircase leading down.
You now have 546 gold pieces (gained 17).
There is a stone staircase leading down here.
You now have 556 gold pieces (gained 10).
You now have 567 gold pieces (gained 11).
You see here the +4 battleaxe of Internal Strife {speed, rElec rCorr}.
Found 14 gold pieces.
m - 3 scrolls of revelation (gained 1)
You see here the +4 battleaxe of Internal Strife {speed, rElec rCorr}.
x - the +4 battleaxe of Internal Strife {speed, rElec rCorr} Your +1 hand axe of electrocution stops crackling.
Your hands tingle!
x - the +4 battleaxe of Internal Strife (weapon)
{speed, rElec rCorr} Erolcha the Cunning comes into view.
She is wielding a +0 giant spiked club.
Erolcha shouts!
Erolcha is nearby!
Erolcha gestures wildly while chanting.
Erolcha flickers and vanishes!
Deactivating autopickup; reactivate with Ctrl-A.
You closely miss something. Something hits you!!
You closely miss something. You hit something. Something hits you!!
You slice something!! You slice something!!
Something hits you but does no damage.
A red film seems to cover your vision as you go berserk!
You feel yourself moving faster!
You feel mighty! Something hits you!!
* * * LOW HITPOINT WARNING * * *
You barely miss something. You miss something. You miss something.
Something hits you!!
You die...

## #...........#
#.# .#
#.............#
... ##
#...###.##....##
# ...# ##. #....#
# ... . ....# #
###...## ##
##...$.# .# ..
#...{.# ## ...
##..@# #####...#
#...## ........#
#...# #......##
#...# .....###
#...#
.############...#
................#
#..............##
#..............#


There were no monsters in sight!

Vanquished Creatures
  Josephine (D:10)
  A boulder beetle (D:8)
  An ugly thing (D:10)
  A kobold demonologist (D:8)
  3 tengu conjurers (D:9)
  Prince Ribbit (D:5)
  A troll (D:10)
  A hornet (D:9)
  A slime creature (D:10)
  Sigmund (D:5)
  5 wraiths
  7 yaks
  A steam dragon (D:8)
  4 vampire mosquitoes (D:10)
  Edmund (D:4)
  2 water moccasins
  An acid dragon (D:10)
  2 orc warriors
  An ice beast (D:5)
  2 black bears
  An ogre (D:4)
  A centaur (D:6)
  3 kobold brigands
  2 gnoll sergeants
  3 bullfrogs
  A scorpion (D:5)
  5 wights (D:6)
  4 killer bees
  A centaur zombie (Ossuary)
  2 human zombies (Ossuary)
  3 jellies
  Crazy Yiuf (D:5)
  3 orc priests
  2 gnoll boudas
  2 hounds
  2 sleepcaps
  An iguana (D:6)
  13 orc wizards
  2 mummies (Ossuary)
  31 gnolls
  7 adders
  A shadow imp (D:6)
  5 white imps
  An ufetubus (D:3)
  A worm (D:2)
  25 orcs
  8 endoplasms
  2 giant cockroaches (D:2)
  8 goblins
  7 hobgoblins
  2 jackals (D:1)
  18 kobolds
  3 quokkas
  6 ball pythons
  8 bats
  3 frilled lizards
  16 hobgoblin zombies (Ossuary)
  A jackal zombie (Ossuary)
  5 kobold zombies (Ossuary)
  9 orc zombies (Ossuary)
  2 quokka zombies (D:8)
  8 rats
  2 rat zombies (Ossuary)
269 creatures vanquished.

Vanquished Creatures (others)
  An orc wizard (D:6)
  2 orcs (D:8)
3 creatures vanquished.

Grand Total: 272 creatures vanquished

Notes
Turn   | Place    | Note
-------+----------+-------------------------------------------
     0 | D:1      | Gargoyl the Gargoyle Berserker began the quest for the Orb.
     0 | D:1      | Reached XP level 1. HP: 14/14 MP: 1/1
    45 | D:1      | Reached XP level 2. HP: 13/19 MP: 2/2
    47 | D:1      | Reached skill level 3 in Axes
   299 | D:1      | Reached XP level 3. HP: 24/24 MP: 3/3
   520 | D:1      | Reached ** piety under Trog
  1152 | D:2      | Reached XP level 4. HP: 17/29 MP: 4/4
  1454 | D:2      | Found a faded altar of an unknown god.
  1679 | D:3      | Reached skill level 4 in Axes
  1727 | D:3      | Reached XP level 5. HP: 33/33 MP: 5/5
  1854 | D:3      | Found a bloodstained altar of Trog.
  2312 | D:4      | Found a burning altar of Makhleb.
  2487 | D:4      | Noticed a black bear
  2498 | D:4      | Killed a black bear
  2499 | D:4      | Reached XP level 6. HP: 39/39 MP: 6/6
  2529 | D:4      | Noticed Edmund
  2542 | D:4      | Killed Edmund
  2543 | D:4      | Reached skill level 5 in Axes
  2578 | D:4      | Found a white marble altar of Elyvilon.
  2611 | D:4      | Found a sacrificial altar of Ru.
  2737 | D:4      | Reached XP level 7. HP: 35/44 MP: 7/7
  2954 | D:5      | Entered Level 5 of the Dungeon
  2979 | D:5      | Reached skill level 1 in Stealth
  3116 | D:5      | Noticed Prince Ribbit
  3139 | D:6      | Reached skill level 5 in Fighting
  3238 | D:6      | Reached skill level 6 in Axes
  3238 | D:6      | Reached XP level 8. HP: 45/50 MP: 8/8
  3770 | D:5      | Reached skill level 5 in Armour
  3787 | D:5      | Found a blossoming altar of Fedhas.
  4138 | D:5      | Noticed Sigmund
  4155 | D:5      | Killed Sigmund
  4156 | D:5      | Reached skill level 7 in Axes
  4242 | D:5      | Killed Prince Ribbit
  4243 | D:5      | Reached XP level 9. HP: 56/56 MP: 9/9
  4435 | D:5      | Found a staircase to the Ecumenical Temple.
  4509 | D:5      | Found a runed translucent door.
  4510 | D:5      | Noticed Crazy Yiuf
  4577 | D:5      | Killed Crazy Yiuf
  5007 | D:6      | Reached skill level 8 in Axes
  5265 | D:7      | Found a hide-covered altar of Uskayaw.
  5337 | D:7      | Reached *** piety under Trog
  5489 | D:7      | Found Zutocuis's CLEARANCE SALE!.
  5503 | D:7      | Found a sparkling altar of Nemelex Xobeh.
  5690 | D:8      | Found an opulent altar of Gozag.
  5720 | D:8      | Reached skill level 1 in Shields
  5919 | D:8      | Noticed a boulder beetle
  5994 | D:8      | Killed a boulder beetle
  5995 | D:8      | Reached skill level 9 in Axes
  5995 | D:8      | Reached XP level 10. HP: 63/63 MP: 10/10
  6244 | D:8      | Found a sand-covered staircase.
  6254 | Ossuary  | Entered an ossuary
  6353 | Ossuary  | Reached **** piety under Trog
  6557 | D:9      | Noticed a kobold demonologist
  6652 | D:9      | Noticed a rust devil
  6662 | D:8      | Killed a kobold demonologist
  6794 | D:9      | Reached skill level 10 in Axes
  6794 | D:9      | Found an ornate altar of the Wu Jian Council.
  6837 | D:9      | Found a staircase to the Orcish Mines.
  7292 | D:9      | Reached skill level 5 in Dodging
  7292 | D:9      | Reached XP level 11. HP: 68/68 MP: 11/11
  7292 | D:9      | Found the sphere of Battle
  7504 | D:9      | Found a radiant altar of Vehumet.
  7588 | D:10     | Entered Level 10 of the Dungeon
  7759 | D:10     | Reached ***** piety under Trog
  7782 | D:10     | Noticed Josephine
  7819 | D:10     | Killed Josephine
  7913 | D:10     | Noticed a brown ugly thing
  7933 | D:10     | Killed a brown ugly thing
  7934 | D:10     | Reached skill level 11 in Axes
  7936 | D:10     | Identified the ring of Midicw {*Slow Fly rPois EV+5 Str+5}
  8090 | D:10     | Found a shimmering blue altar of Sif Muna.
  8100 | D:10     | Found an iron altar of Okawaru.
  8313 | D:10     | Identified the +4 battleaxe of Internal Strife {speed,
                  | rElec rCorr}
  8327 | D:10     | Noticed Erolcha
  8337 | D:10     | Demolished by Erolcha

Illustrated notes

Levels and vault maps discovered:
D:1:      minmay_arrival_glassed_features, layout_basic
D:2:      layout_basic, shapermc_ecumenical_altar_acropolis
D:3:      layout_loops_ring, trog_three_pillars_becter
D:4:      layout_basic, kennysheep_mini_moat, nicolae_ru_awakened_eye,
          mainiacjoe_overflow_paths, hangedman_decor_lopped, uniq_edmund
D:5:      layout_loops_ring, fedhas_altar_fruit_tree,
          minmay_temple_entry_mini_moons, minmay_between, uniq_prince_ribbit1,
          uniq_sigmund, uniq_crazy_yiuf_cottage
D:6:      layout_loops_ring
D:7:      layout_basic, mainiacjoe_overflow_small_starburst,
          eat_drink_and_be_merry_uskayaw, nicolae_shop_clearance
D:8:      layout_rooms, mainiacjoe_overflow_six_doors_small, enter_ossuary_4
D:9:      layout_basic, mainiacjoe_overflow_boulevard,
          mainiacjoe_overflow_alcove_2, hellmonk_guarded_unrand_sphere_of_battle
D:10:     minmay_wavy_crystal, layout_small_grid, okawaru_trees_1,
          nicolae_sif_muna_condensation, uniq_erolcha, uniq_josephine

Skill      XL: |  1  2  3  4  5  6  7  8  9 10 11 |
---------------+----------------------------------+-----
Axes           | 3 4 5 6 7 9 10 11 | 11.1
Dodging        | 2 3 4 5 |  5.1
Fighting       | 4 5 6 7 8 |  8.9
Armour         | 3 4 5 6 7 8 |  8.9
Stealth        | 1 2 |  2.7
Shields        | 2 3 4 |  4.0
Throwing       | |  0.3

Action                     |  1- 3 |  4- 6 |  7- 9 | 10-12 || total
---------------------------+-------+-------+-------+-------++-------
  Melee: Hand axe          |   124 |   123 |   306 |   345 ||   898
         Punch             |     1 |     1 |     2 |     8 ||    12
         Battleaxe         |       |       |       |     8 ||     8
  Throw: Dart              |       |       |     3 |       ||     3
 Invoke: Berserk           |     1 |     3 |    11 |     9 ||    24
         Trog's Hand       |     1 |     1 |     5 |     2 ||     9
    Use: Scroll            |     2 |     6 |    12 |     8 ||    28
         Potion            |       |       |       |     1 ||     1
   Stab: Distracted        |       |       |       |     1 ||     1
 Armour: Animal skin       |    20 |       |       |       ||    20
         Ring mail         |    37 |    61 |    81 |       ||   179
         Chain mail        |       |       |    95 |     3 ||    98
         Scale mail        |       |       |       |   184 ||   184
  Dodge: Dodged            |    78 |    70 |   160 |   208 ||   516
  Block: Other             |       |       |    27 |    81 ||   108
         Reflection        |       |       |       |     1 ||     1

Table legend: (Time is in decaauts)
 A = Elapsed time spent in this place.
 B = Non-inter-level travel time spent in this place.
 C = Inter-level travel time spent in this place.
 D = Time resting spent in this place.
 E = Time spent auto-exploring this place.
 F = Levels seen in this place.
 G = Mean time per level.
                   A        B        C        D        E       F      G
               +--------+--------+--------+--------+--------+-----+--------+
         Total |   8507 |   8313 |    194 |    335 |   5906 |  11 |  773.4 |
       Dungeon |   8301 |   8107 |    194 |    335 |   5842 |  10 |  830.1 |
       Ossuary |    205 |    205 |      0 |      0 |     64 |   1 |  205.0 |
               +--------+--------+--------+--------+--------+-----+--------+

Top non-repeatable levels by time:
     D:5: 1442 daAuts
     D:6: 922 daAuts
     D:8: 892 daAuts
     D:2: 872 daAuts
     D:9: 859 daAuts
     D:1: 774 daAuts
    D:10: 749 daAuts
     D:4: 697 daAuts
     D:3: 678 daAuts
     D:7: 414 daAuts
 Ossuary: 205 daAuts
